 Dungeon Crawl Stone Soup version 0.18-a0-900-gbbf5c82 (webtiles) character file.

123 vatarom the Chopper (level 5, -11/41 HPs)
             Began as a Formicid Fighter on Dec 24, 2015.
             Was an Initiate of Ru.
             Mangled by Ewnag the merfolk
             ... wielding a +1 vampiric trident
             ... created by the player character
              (14 damage)
             ... on level 4 of the Dungeon.
             The game lasted 00:06:20 (1322 turns).

vatarom the Chopper (Formicid Fighter)              Turns: 1322, Time: 00:06:20

Health: -11/41     AC:  8    Str: 27    XL:     5   Next: 28%
Magic:  5/5        EV:  3    Int:  7    God:    Ru [......]
Gold:   83         SH: 11    Dex: 10    Spells: 0 memorised, 4 levels left

rFire  . . .     SeeInvis +     a - +0 war axe
rCold  . . .     Gourm    .     b - +0 scale mail
rNeg   . . .     Faith    .     c - +1 shield
rPois  .         Spirit   .     (helmet unavailable)
rElec  .         Dismiss  .     (no cloak)
rCorr  .         Reflect  .     k - +0 pair of gloves
SustAt .         Harm     .     (no boots)
MR     .....                    (no amulet)
Stlth  ..........               (no ring)
                                i - ring of loudness (curse)

@: mighty, not resistant to hostile enchantments, extremely unstealthy
A: permanent stasis, dig shafts and tunnels, four strong arms, antennae 3
a: Dig, Shaft Self, Renounce Religion


You were on level 4 of the Dungeon.
You worshipped Ru.
Ru was noncommittal.
You were not hungry.

You visited 1 branch of the dungeon, and saw 3 of its levels.

You collected 83 gold pieces.

Inventory:

Hand Weapons
 a - a +0 war axe (weapon)
Armour
 b - a +0 scale mail (worn)
 c - a +1 shield (worn)
 k - a +0 pair of gloves (worn)
Jewellery
 i - a cursed ring of loudness (left hand)
Miscellaneous
 e - a plain deck of wonders {drawn: 2}
Comestibles
 f - a bread ration
 g - a meat ration
 h - 5 fruits
 j - a slice of pizza


   Skills:
 - Level 3.2 Fighting
 + Level 5.1 Axes
 - Level 3.2 Armour
 - Level 3.6 Shields


You had 4 spell levels left.
You didn't know any spells.

Dungeon Overview and Level Annotations

Branches:
Dungeon (2/15)

Altars:
Nemelex Xobeh
Ru


Innate Abilities, Weirdness & Mutations

You are under a permanent stasis effect.
You can dig through walls and to a lower floor.
Your four strong arms can wield two-handed weapons with a shield.
You have a pair of large antennae on your head (SInv).


Message History

Ewnag is lightly wounded.
Ewnag hits you with a vampiric trident!
* * * LOW HITPOINT WARNING * * *
Ewnag hits you with a vampiric trident.
* * * LOW HITPOINT WARNING * * *
You slash Ewnag!
Ewnag is moderately wounded.
Ewnag hits you with a vampiric trident.
* * * LOW HITPOINT WARNING * * *
Ewnag draws strength from your injuries!
You closely miss Ewnag.
Ewnag is moderately wounded.
Ewnag barely misses you. You block Ewnag's attack.
Unknown command.
Found 23 sling bullets.
You see here an iguana corpse.
There is a stone staircase leading up here.
Ewnag hits you from afar with a vampiric trident!
You die...

##.....##.. .#.#.#......(
.........#.. #.#.#..##.# #
#......##.## ####.#
..?.......## #....#
##.$.#.#..###@####
#......##.##.....#
##.#.##.......m..##>......#
............†....###......#
..............<### #....$#
...............# .$..?#
................# ...!..
.....##.?.#.###... .....
#...........# .### ..##.


You could see Ewnag the merfolk.

Vanquished Creatures
  An orc wizard (D:2)
  An iguana (D:4)
  A hound skeleton (D:4)
  5 worms
  2 giant geckos (D:4)
  2 giant cockroaches (D:1)
  9 goblins
  8 hobgoblins
  6 kobolds
  5 bats
  4 rats
44 creatures vanquished.

Notes
Turn   | Place    | Note
--------------------------------------------------------------
     0 | D:1      | vatarom the Formicid Fighter began the quest for the Orb.
     0 | D:1      | Reached XP level 1. HP: 18/18 MP: 1/1
   168 | D:1      | Reached XP level 2. HP: 24/24 MP: 2/2
   695 | D:2      | Reached XP level 3. HP: 29/29 MP: 3/3
   799 | D:2      | Found a sacrificial altar of Ru.
   807 | D:2      | Reached skill level 4 in Axes
   807 | D:2      | Reached XP level 4. HP: 32/35 MP: 4/4
   818 | D:2      | Became a worshipper of Ru the Awakened
  1176 | D:2      | Found a sparkling altar of Nemelex Xobeh.
  1258 | D:2      | Noticed Nemu
  1263 | D:2      | You fall through a shaft for 2 floors!
  1280 | D:4      | Reached XP level 5. HP: 25/41 MP: 5/5
  1287 | D:4      | Noticed Ewnag
  1298 | D:4      | Reached skill level 5 in Axes
  1306 | D:4      | HP: 1/41 [Ewnag the merfolk/vampiric trident[the player character] (6)]
  1322 | D:4      | Mangled by Ewnag the merfolk

Vault maps used:
D:1:      minmay_arrival_doors, grunt_decor_one_mirror
D:2:      nicolae_ru_great_annihilating_truth, nemelex_deck
D:4:      lemuel_coloured_pillars_altar, serial_glass, glass_columns_a,
          glass_columns_b, cheibrodos_gnoll_hut

Action                   |  1- 3 |  4- 6 || total
-------------------------+-------+-------++-------
Melee: War axe           |    66 |    55 ||   121
 Abil: Shaft Self        |       |     1 ||     1
Evoke: Deck              |       |     2 ||     2
  Use: Scroll            |     2 |     4 ||     6
       Potion            |     2 |     1 ||     3
 Stab: Paralysed         |       |     1 ||     1
  Eat: Fruit             |       |     2 ||     2
